 Dungeon Crawl Stone Soup version 0.25-a0-577-ga4619f409e (webtiles) character file.

Game seed: 16273342099652723541, levelgen mode: deterministic

4282 Flugslaktarn the Cleaver (level 10, -1/88 HPs)
             Began as a Minotaur Fighter on Mar 2, 2020.
             Was a Believer of Makhleb.
             Slain by a killer bee (4 damage)
             ... on level 8 of the Dungeon.
             The game lasted 00:03:07 (7665 turns).

Flugslaktarn the Cleaver (Minotaur Fighter)         Turns: 7665, Time: 00:03:08

Health: -1/88      AC: 13    Str: 24    XL:     10   Next: 10%
Magic:  11/12      EV:  7    Int:  5    God:    Makhleb [**....]
Gold:   343        SH: 11    Dex: 10    Spells: 9/9 levels left

rFire    . . .     SeeInvis .   a - +0 war axe
rCold    . . .     Gourm    +   c - +0 kite shield
rNeg     . . .     Faith    .   D - +0 chain mail
rPois    .         Spirit   .   (helmet restricted)
rElec    .         Reflect  .   o - +0 cloak
rCorr    .         Harm     .   (no gloves)
MR       +....                  A - +0 pair of boots (curse)
Stlth    ..........             j - amulet of the gourmand
HPRegen  0.24/turn              k - ring of flight
MPRegen  0.13/turn              m - ring of protection from magic

@: flying
A: retaliatory headbutt, horns 2
a: Minor Destruction, Renounce Religion, Stop Flying


You were on level 8 of the Dungeon.
You worshipped Makhleb.
Makhleb was pleased with you.
You were full.

You visited 2 branches of the dungeon, and saw 9 of its levels.

You collected 343 gold pieces.

Inventory:

Hand Weapons
 a - a +0 war axe (weapon)
Armour
 b - a +0 scale mail
 c - a +0 kite shield (worn)
 o - a +0 cloak (worn)
   (You found it on level 4 of the Dungeon)
 A - a cursed +0 pair of boots (worn)
   (You found it on level 7 of the Dungeon)
 D - a +0 chain mail (worn)
   (You found it on level 8 of the Dungeon)
Jewellery
 j - an amulet of the gourmand (around neck)
   (You found it on level 4 of the Dungeon)
 k - a ring of flight (left hand)
   (You found it on level 4 of the Dungeon)
 m - a ring of protection from magic (right hand)
   (You found it on level 2 of the Dungeon)
 w - a +2 amulet of reflection {unknown}
   (You found it on level 5 of the Dungeon)
 y - a cursed -3 ring of protection {unknown}
   (You found it on level 7 of the Dungeon)
 F - a +2 ring of protection {unknown}
   (You found it on level 8 of the Dungeon)
Wands
 C - a wand of enslavement (10)
   (You found it on level 8 of the Dungeon)
Scrolls
 i - 3 scrolls of remove curse {unknown}
 l - a scroll of magic mapping {unknown}
 n - 6 scrolls of identify {unknown}
 p - 2 scrolls of random uselessness {unknown}
 r - 2 scrolls of teleportation {unknown}
 s - a scroll of fear {unknown}
 u - 2 scrolls of noise {unknown}
 v - a scroll of enchant weapon {unknown}
 x - a scroll of fog {unknown}
 B - a scroll of amnesia {unknown}
 E - a scroll of blinking {unknown}
Potions
 d - 2 potions of might
 f - a potion of heal wounds {unknown}
 g - a potion of magic {unknown}
 h - a potion of brilliance {unknown}
 q - 2 potions of curing
 t - a potion of ambrosia {unknown}
 z - a potion of lignification {unknown}
Comestibles
 e - 15 rations


   Skills:
 + Level 8.2 Fighting
 * Level 10.7 Axes
 + Level 8.2 Armour
 + Level 8.3 Shields
 + Level 4.7 Invocations


You had 9 spell levels left.
You didn't know any spells.
Your spell library was empty.

Dungeon Overview and Level Annotations

Branches:
Dungeon (8/15)             Temple (1/1) D:5
   Lair: D:8-11

Altars:
Ashenzari
Cheibriados
Dithmenos
Elyvilon
Fedhas
Gozag
Hepliaklqana
Kikubaaqudgha
Makhleb
Nemelex Xobeh
Okawaru
Qazlal
Ru
Sif Muna
Trog
Uskayaw
Vehumet
Wu Jian
Xom
Yredelemnul
Zin
The Shining One


Innate Abilities, Weirdness & Mutations

You reflexively headbutt those who attack you in melee.
You have a pair of horns on your head.


Message History

* * * LOW HITPOINT WARNING * * *
The killer bee stings you but does no damage. x2
You block the killer bee's attack. x2
The killer bee stings you but does no damage.
The killer bee stings you.
* * * LOW HITPOINT WARNING * * *
The killer bee stings you.
* * * LOW HITPOINT WARNING * * *
The killer bee barely misses you.
The killer bee stings you but does no damage.
You feel better.
The killer bee stings you but does no damage.
You block the killer bee's attack.
The killer bee stings you but does no damage. x2
You block the killer bee's attack.
The killer bee stings you but does no damage.
The killer bee stings you.
* * * LOW HITPOINT WARNING * * *
The killer bee stings you.
You die...

.. .........##........ #
#####.##.......#..#
#.##.##....#..
#.##.##....#.#
#########.##.##......#
...))................#
..))....(.)#.##......##
#########..#.##..y....#.#
#####..#.###@##..y.##
#.......)..yyyy†....#
#####..####yyy........
########......#........###
.......'......#........#
########......#........#
###'#...........# ##
#.#...........# .#
#.#......######


You could see a queen bee and 7 killer bees.

Vanquished Creatures
  Prince Ribbit (D:6)
  Eustachio (D:4)
  A hungry ghost (D:8)
  Edmund (D:5)
  2 ice beasts
  4 phantoms
  2 sky beasts (D:7)
  3 ogres
  5 centaurs
  A big kobold (D:7)
  3 bullfrogs
  2 gnoll sergeants
  5 scorpions
  A wyvern skeleton (D:6)
  8 killer bees (D:8)
  3 crimson imps
  2 centaur zombies (D:5)
  3 bullfrog zombies
  3 jellies
  A bullfrog skeleton (D:5)
  A hound (D:8)
  3 orc priests
  13 orc wizards
  A centaur skeleton (D:4)
  2 iguanas
  3 worker ants (D:7)
  10 gnolls
  10 adders
  A shadow imp (D:7)
  An ooze (D:3)
  An adder zombie (D:6)
  3 adder skeletons
  4 leopard geckos
  12 orcs
  2 ball pythons (D:1)
  A bat (D:3)
  3 giant cockroaches
  4 goblins
  2 hobgoblins
  14 jackals
  4 quokkas
  A frilled lizard (D:1)
  A jackal skeleton (D:4)
  6 kobolds
  A quokka zombie (D:7)
  A rat (D:1)
157 creatures vanquished.

Notes
Turn   | Place    | Note
-------+----------+-------------------------------------------
     0 | D:1      | Flugslaktarn the Minotaur Fighter began the quest for the
                  | Orb.
     0 | D:1      | Reached XP level 1. HP: 19/19 MP: 0/0
   272 | D:1      | Reached XP level 2. HP: 27/27 MP: 1/1
   433 | D:1      | Reached skill level 3 in Axes
   776 | D:2      | Reached XP level 3. HP: 30/33 MP: 2/2
  1083 | D:4      | Reached XP level 4. HP: 38/40 MP: 3/3
  1196 | D:4      | Reached skill level 4 in Axes
  1365 | D:4      | Reached XP level 5. HP: 47/47 MP: 4/4
  1365 | D:4      | Noticed a phantom
  1393 | D:4      | Killed a phantom
  1393 | D:4      | Reached skill level 5 in Axes
  1393 | D:4      | Reached XP level 6. HP: 43/55 MP: 5/5
  1502 | D:4      | Noticed Eustachio
  1504 | D:4      | Reached skill level 5 in Fighting
  1504 | D:4      | Reached skill level 5 in Armour
  1504 | D:4      | Reached skill level 5 in Shields
  1544 | D:4      | Killed Eustachio
  1544 | D:4      | Reached skill level 6 in Axes
  1544 | D:4      | Reached XP level 7. HP: 9/61 MP: 6/6
  2227 | D:5      | Entered Level 5 of the Dungeon
  2465 | D:5      | HP: 3/62 [poisoned by a gnoll]
  2470 | D:5      | HP: 2/62 [poisoned by a gnoll]
  2477 | D:5      | HP: 2/62 [poisoned by a gnoll]
  2485 | D:5      | HP: 1/62 [poisoned by a gnoll]
  2829 | D:5      | Found a staircase to the Ecumenical Temple.
  2840 | Temple   | Entered the Ecumenical Temple
  2879 | Temple   | Became a worshipper of Makhleb the Destroyer
  3053 | D:5      | Reached skill level 7 in Axes
  3076 | D:5      | Reached skill level 1 in Invocations
  3076 | D:5      | Reached XP level 8. HP: 19/70 MP: 7/7
  4038 | D:5      | Noticed Edmund
  4049 | D:5      | Killed Edmund
  4279 | D:6      | Noticed Prince Ribbit
  4289 | D:6      | Reached skill level 8 in Axes
  4549 | D:6      | Killed Prince Ribbit
  4634 | D:6      | Found a glowing silver altar of Zin.
  5141 | D:6      | Reached XP level 9. HP: 77/79 MP: 10/10
  5477 | D:6      | Reached skill level 9 in Axes
  5594 | D:7      | Reached * piety under Makhleb
  6828 | D:7      | Reached skill level 10 in Axes
  6853 | D:7      | Reached ** piety under Makhleb
  7481 | D:8      | Reached XP level 10. HP: 88/88 MP: 12/12
  7664 | D:8      | HP: 1/88 [killer bee (4)]
  7665 | D:8      | Slain by a killer bee

Levels and vault maps discovered:
D:1:      minmay_arrival_semitransparent, layout_loops_corners
D:2:      layout_rooms, first_ration, minmay_rat_gold_closets
D:3:      layout_loops_ring, chequers_ecumenical_altar_simple, uniq_grinder,
          uniq_robin
D:4:      layout_basic, uniq_eustachio
D:5:      layout_basic, minmay_temple_entry_wispy, uniq_edmund
D:6:      layout_basic, zin_academy, nicolae_ossuary_entry_plus,
          uniq_prince_ribbit1
D:7:      minmay_flawed_box, layout_loops_corners, st_stairs_4
D:8:      layout_basic, david_nohive_1
Temple:   nicolae_temple_the_god_donut

Skill      XL: |  1  2  3  4  5  6  7  8  9 |
---------------+----------------------------+-----
Axes           | 3 4 5 6 7 8 10 | 10.7
Shields        | 4 5 6 7 8 |  8.3
Fighting       | 4 5 6 7 8 |  8.2
Armour         | 4 5 6 7 8 |  8.2
Invocations    | 1 3 4 |  4.7

Action                   |  1- 3 |  4- 6 |  7- 9 | 10-12 || total
-------------------------+-------+-------+-------+-------++-------
Melee: War axe           |    92 |    68 |   352 |    35 ||   547
       Headbutt          |     9 |    11 |    68 |     1 ||    89
 Abil: Evoke Flight      |       |       |     1 |     1 ||     2
  Use: Potion            |       |       |     1 |     2 ||     3
  Eat: Chunk             |     1 |     8 |    24 |     4 ||    37
Armor: Scale mail        |    58 |    53 |   126 |       ||   237
       Chain mail        |       |       |     2 |    56 ||    58
Dodge: Dodged            |    40 |    20 |    92 |    21 ||   173
Block: Kite shield       |    57 |    49 |   205 |    44 ||   355

Table legend:
 A = Non-vault XP
 B = Vault XP
 C = Vault XP percentage of total XP
 D = Non-vault monster count
 E = Vault monster count
 F = Vault count percentage of total count
                 A         B        C        D         E       F
            +---------+---------+-------+---------+---------+-------
      Total |    4663 |    1455 |  23.8 |     136 |      21 |  13.4
            +---------+---------+-------+---------+---------+-------
        D:1 |      30 |       0 |   0.0 |      17 |       0 |   0.0
        D:2 |      23 |       0 |   0.0 |       6 |       0 |   0.0
        D:3 |      25 |       0 |   0.0 |       5 |       0 |   0.0
        D:4 |     626 |     202 |  24.4 |      23 |       1 |   4.2
        D:5 |     849 |     164 |  16.2 |      24 |       1 |   4.0
        D:6 |     819 |     268 |  24.7 |      16 |       1 |   5.9
        D:7 |    1388 |     319 |  18.7 |      27 |      10 |  27.0
        D:8 |     903 |     502 |  35.7 |      18 |       8 |  30.8
            +---------+---------+-------+---------+---------+-------
